AoeStats
← teko55

Black Forest

507061793Analyzed
4v4 RM · 16d ago on Sep 16, 2026· 38m 33s· 8 players
Game mode
Random Map
Map size
Large (8 player)
Population
200
Speed
Normal
Resources
Standard
Victory
Conquest
Starting age
Dark Age
Ending age
Imperial Age
RankedLock teamsTeams togetherTeam positionsShared explorationLock speedFull tech treeHidden civsTurbo modeCheats
Victory
Defeat
🇯🇵 Huns · Japan
1311
+11
🇯🇵 Japanese · Japan
1247
+14
🇬🇧 Bohemians · United Kingdom
1246
+14
🇨🇦 Celts · Canada
1211
+15
🇹🇼 Khmer · Taiwan
1231
-15
🇹🇼 Ethiopians · Taiwan
1196
-13
🇹🇼 Goths · Taiwan
1192
-13
🇹🇼 Mongols · Taiwan
1191
-13
LocalMomsHelper
0:41 Loom
12:27 Feudal Age
21:41 Castle Age
20:13 Double-Bit Axe
21:10 Horse Collar
23:01 Bow Saw
35:25 Imperial Age
37:29 Chemistry
兄弟精神
1:00 Loom
12:23 Feudal Age
20:14 Castle Age
26:11 Double-Bit Axe
32:12 Wheelbarrow
33:27 Bow Saw
34:43 Fortified Wall
38:46 Imperial Age
BC
5:25 Loom
12:28 Feudal Age
17:44 Castle Age
15:44 Man-at-Arms
16:36 Forging
17:52 Double-Bit Axe
19:54 Long Swordsman
29:12 Wheelbarrow
28:43 Horse Collar
35:15 Imperial Age
32:53 Gold Mining
33:35 Hand Cart
34:14 Bow Saw
34:02 Pikeman
34:46 Squires
35:23 Iron Casting
34:49 Scale Mail Armor
35:30 Iron Casting
35:07 Heavy Plow
35:28 Halberdier
36:26 Chain Mail Armor
36:58 Conscription
Davidbin
9:51 Feudal Age
11:59 Loom
14:58 Castle Age
13:14 Double-Bit Axe
13:55 Horse Collar
16:20 Heavy Plow
21:14 Bow Saw
23:24 Wheelbarrow
24:14 Gold Mining
24:18 Stone Mining
24:59 Hand Cart
26:05 Gold Shaft Mining
26:26 Ballistics
29:35 Imperial Age
27:20 Forging
27:16 Scale Barding Armor
27:41 Fletching
28:04 Masonry
29:53 Iron Casting
29:22 Padded Archer Armor
29:43 Chain Barding Armor
29:33 Bodkin Arrow
31:01 Stone Shaft Mining
30:15 Town Watch
31:12 Bloodlines
30:24 Light Cavalry
31:46 Hoardings
31:51 Town Patrol
32:26 Crop Rotation
32:34 Architecture
33:05 Chemistry
35:16 Blast Furnace
35:24 Conscription
nieBla_aODI
3:54 Loom
10:47 Feudal Age
15:06 Castle Age
12:59 Double-Bit Axe
15:23 Loom
16:09 Bow Saw
16:24 Horse Collar
21:58 Wheelbarrow
22:48 Heavy Plow
24:23 Gold Mining
24:58 Fervor
27:47 Imperial Age
27:04 Scale Mail Armor
28:08 Capped Ram
30:32 Chemistry
29:37 Pikeman
31:08 Chain Mail Armor
31:03 Forging
30:49 Onager
32:51 Hand Cart
32:23 Town Watch
34:06 Plate Mail Armor
34:55 Iron Casting
34:24 Halberdier
35:49 Town Patrol
35:53 Gambesons
38:15 Blast Furnace
37:35 Siege Ram
38:32 Furor Celtica
teko55
11:20 Feudal Age
14:53 Castle Age
13:46 Double-Bit Axe
13:42 Horse Collar
14:51 Loom
17:24 Bow Saw
20:11 Heavy Plow
21:26 Wheelbarrow
22:40 Stone Mining
23:17 Hand Cart
27:09 Gold Mining
29:56 Imperial Age
27:40 Marauders
28:31 Scale Barding Armor
28:37 Forging
30:00 Chain Barding Armor
29:54 Husbandry
30:42 Iron Casting
30:23 Bloodlines
31:13 Conscription
30:53 Elite Tarkan
33:41 Plate Barding Armor
32:40 Capped Ram
37:41 Guilds
38:02 Coinage
38:34 Blast Furnace
37:26 Fletching
37:37 Padded Archer Armor
ohawan12312
9:49 Feudal Age
9:55 Loom
10:03 Man-at-Arms
22:54 Castle Age
21:23 Horse Collar
21:38 Double-Bit Axe
24:44 Bow Saw
26:03 Wheelbarrow
29:20 Hand Cart
33:58 Imperial Age
31:43 Fletching
31:54 Padded Archer Armor
32:10 Gold Mining
32:41 Thumb Ring
33:00 Padded Archer Armor
33:52 Bodkin Arrow
34:49 Bracer
35:10 Conscription
35:16 Parthian Tactics
37:18 Leather Archer Armor
37:56 Bloodlines
37:47 Husbandry
38:55 Chemistry
39:30 Ballistics
24601
0:57 Loom
13:58 Feudal Age
23:59 Castle Age
22:23 Double-Bit Axe
22:52 Town Watch
24:06 Fletching
24:47 Bodkin Arrow
30:10 Redemption
36:24 Imperial Age
Connection lost

Rejoining the realm…

Still unreachable

The connection could not be restored.

Session expired

The server has moved on; the page needs a fresh start.